 Dungeon Crawl Stone Soup version 0.19-a0-1238-gee6bd96 (webtiles) character file.

760 epen the Scratcher (level 7, 0/33 HPs)
             Began as a Felid Monk on Aug 26, 2016.
             Was a Follower of Ru.
             Succumbed to Tux's ghost's poison
             ... on level 7 of the Dungeon.
             The game lasted 00:13:11 (8229 turns).

epen the Scratcher (Felid Monk)                     Turns: 8229, Time: 00:13:11

Health: 0/33       AC:  4    Str:  7    XL:     7   Next: 51%
Magic:  9/9        EV: 23    Int: 11    God:    Ru [*.....]
Gold:   337        SH:  0    Dex: 19    Spells: 0 memorised, 8 levels left
                                        Lives:  0   Deaths: 2

rFire  . . .     SeeInvis +       - Unarmed
rCold  . . .     Gourm    .     (armour unavailable)
rNeg   . . .     Faith    .     (shield unavailable)
rPois  .         Spirit   .     (helmet unavailable)
rElec  .         Dismiss  .     (cloak unavailable)
rCorr  .         Reflect  .     (gloves unavailable)
MR     +....     Harm     .     (boots unavailable)
Stlth  +......... Rnd*Tele +    (no amulet)
                                k - ring of teleportation (curse)
                                d - ring of loudness (curse)

@: confused, lethally poisoned (0 -> -16), quick
A: no armour, no weapons or thrown items, claws 1, fangs 3, slimy green scales
1, see invisible, carnivore 3, clumsy 1, speed 1, shaggy fur 2, slow metabolism
1, wild magic 1, hated by all, sharp paws
a: Renounce Religion


You were on level 7 of the Dungeon.
You worshipped Ru.
Ru was aware of your devotion.
You were not hungry.

You visited 2 branches of the dungeon, and saw 9 of its levels.

You collected 337 gold pieces.

Inventory:

Jewellery
 d - a cursed ring of loudness (left paw)
 e - a +3 ring of slaying {unknown}
 g - an uncursed ring of resist corrosion {unknown}
 i - a +3 ring of strength
 k - a cursed ring of teleportation (right paw)
Wands
 f - a wand of slowing (32/48)
 l - a wand of digging (9/24)
 m - a wand of lightning (2/15)
 n - a wand of teleportation (2/9)
 r - a wand of slowing (30/48)
Scrolls
 c - a scroll of fog
 j - a scroll of remove curse
 q - 2 scrolls of identify
 s - a scroll of amnesia {unknown}
Potions
 b - 2 potions of flight
 p - a potion of cure mutation
 t - 2 potions of magic {unknown}
Books
 o - a book of the Dragon

   Spells                             Type                      Level
   a - Flame Tongue                   Conjuration/Fire             1
   b - Cause Fear                     Hexes                        4
   c - Bolt of Fire                   Conjuration/Fire             6
   d - Dragon Form                    Transmutation                7
   e - Dragon's Call                  Summoning                    9
Comestibles
 a - 2 meat rations
 h - a slice of pizza
 u - a beef jerky


   Skills:
 + Level 5.5 Fighting
 + Level 7.2 Dodging
 + Level 6.6 Stealth
 * Level 7.4 Unarmed Combat
 + Level 1.2 Spellcasting


You had 8 spell levels left.
You didn't know any spells.

Dungeon Overview and Level Annotations

Branches:
Dungeon (8/15)             Temple (1/1) D:4
   Lair: D:8-11

Altars:
Ashenzari
Nemelex Xobeh
Qazlal
Ru

Shops:
D:6 (

Annotations:
D:7 Tux's ghost, novice DEWz
D:8 Joseph


Innate Abilities, Weirdness & Mutations

You cannot wear armour.
You are incapable of wielding weapons or throwing items.
You have sharp claws.
You have razor-sharp teeth.
You have supernaturally acute eyesight. (SInv)
You are carnivorous and can eat meat at any time.
You cover ground quickly.
You are covered in thick fur. (AC +2)
You have a slow metabolism.
You are hated by all.
Your sharp claws are effective at attacking unaware monsters.
You are partially covered in slimy green scales. (AC +2)
You are clumsy. (Dex -2)
Your spells are a little harder to cast, but a little more powerful.


Message History

You feel sick.
The crimson imp blinks!
Tux's ghost barely misses you.
You feel sick.
You feel sick.
Tux's ghost points at you and mumbles some strange words.
The ball explodes into a vile cloud!
The stinking cloud engulfs you!
You are engulfed in noxious fumes.
You choke on the stench!
You are confused.
You feel sick.
You're too confused to move!
You are engulfed in noxious fumes.
You choke on the stench!
You are more confused.
You feel sick.
You bump into the rock wall.
You are engulfed in noxious fumes.
You feel sick.
Tux's ghost waves its arms in wide circles.
The air twists around and strikes you!
* * * LOW HITPOINT WARNING * * *
You bump into the rock wall.
You are engulfed in noxious fumes.
You choke on the stench!
You are more confused.
You die...

####### ####......# ### ...
......# .... ..#.......# ####..#
..##......# #####....#
...#......# ##.....#####
............########..#.......#
..)...........W§@....##.......# #
......###....##########.......# #
...#.W.##....### #.......# #
...##Y>###.......#########.######
............# ...................
....###....... #..####.....#####
###.# ##...... #......##..## #
#.# ###.#......#..........####
#.# .# ####......###...#..#


You could see Tux's ghost.

Vanquished Creatures
  A phantom (D:4)
  An eye of draining (D:8)
  An ogre (D:4)
  A centaur (D:5)
  A big kobold (D:7)
  2 scorpions
  A water moccasin skeleton (D:4)
  2 crimson imps (D:7)
  A wasp zombie (D:6)
  A hound (D:6)
  3 orc wizards
  Crazy Yiuf (D:4)
  6 orc priests
  2 giant frog skeletons (D:6)
  4 worker ants
  2 hound zombies
  A hound skeleton (D:4)
  A howler monkey zombie (D:8)
  Robin (D:4)
  A howler monkey skeleton (D:6)
  10 adders
  2 adder skeletons
  3 worms
  3 dart slugs
  5 giant geckos
  13 orcs
  8 bats
  6 giant cockroaches
  17 goblins
  9 hobgoblins
  4 jackals
  11 kobolds
  3 quokkas
  4 ball pythons
  A ball python skeleton (D:6)
  A giant gecko skeleton (D:5)
  8 giant newts
  A jackal skeleton (D:4)
  A quokka zombie (D:5)
  7 rats
151 creatures vanquished.

Vanquished Creatures (others)
  A plant (D:8)
1 creature vanquished.

Grand Total: 152 creatures vanquished

Notes
Turn   | Place    | Note
-------+----------+-------------------------------------------
     0 | D:1      | epen the Felid Monk began the quest for the Orb.
     0 | D:1      | Reached XP level 1. HP: 10/10 MP: 2/2
   179 | D:1      | Reached XP level 2. HP: 9/14 MP: 3/3
   234 | D:2      | Found a sacrificial altar of Ru.
  1105 | D:1      | Reached XP level 3. HP: 16/17 MP: 4/4
  1569 | D:2      | Became a worshipper of Ru the Awakened
  1596 | D:2      | Gained mutation: You are hated by all. [Ru sacrifice]
  1596 | D:2      | Reached * piety under Ru
  1892 | D:2      | Reached XP level 4. HP: 21/21 MP: 5/5
  2007 | D:2      | Found a shattered altar of Ashenzari.
  2861 | D:3      | Reached XP level 5. HP: 20/25 MP: 6/6
  2865 | D:3      | Reached skill level 5 in Dodging
  2958 | D:3      | Found a sparkling altar of Nemelex Xobeh.
  3068 | D:3      | Found a faded altar of an unknown god.
  3480 | D:4      | Found a sparkling altar of Nemelex Xobeh.
  3523 | D:4      | Reached skill level 5 in Unarmed Combat
  3523 | D:4      | Gained mutation: You are covered in thick fur. (AC +2) [Felid growth]
  3523 | D:4      | Reached XP level 6. HP: 4/28 MP: 7/7
  3525 | D:4      | HP: 2/42 [poisoned by a scorpion]
  3528 | D:4      | Succumbed to a scorpion's poison
  3529 | D:4      | Reached XP level 5. HP: 0/25 MP: 6/6
  3534 | D:4      | Noticed an ogre
  3542 | D:4      | Killed an ogre
  3543 | D:4      | Noticed a phantom
  3597 | D:4      | Killed a phantom
  3597 | D:4      | Reached XP level 6. HP: 11/28 MP: 7/7
  3600 | D:4      | Found a stormy altar of Qazlal.
  3816 | D:4      | Found a staircase to the Ecumenical Temple.
  3974 | D:4      | Gained mutation: You are clumsy. (Dex -2) [potion of mutation]
  3974 | D:4      | Gained mutation: Your spells are a little harder to cast, but a little more powerful. [potion of mutation]
  3974 | D:4      | Gained mutation: You are partially covered in slimy green scales. (AC +2) [potion of mutation]
  4141 | D:4      | Found a runed door.
  4165 | D:4      | Noticed Robin
  4205 | D:4      | Reached skill level 5 in Stealth
  4208 | D:4      | Killed Robin
  4211 | D:4      | HP: 1/29 [hobgoblin[Robin] (7)]
  4233 | Temple   | Entered the Ecumenical Temple
  5080 | D:5      | Entered Level 5 of the Dungeon
  5133 | D:5      | Reached XP level 7. HP: 29/33 MP: 8/8
  6475 | D:4      | Noticed Crazy Yiuf
  6485 | D:4      | Killed Crazy Yiuf
  6701 | D:6      | Reached skill level 5 in Fighting
  6820 | D:6      | Found Viguis's Weapon Emporium.
  6929 | D:6      | Got a dazzling cloak
  6930 | D:6      | Identified the cursed -3 cloak "Neczaxy" {rElec} (You found it on level 6 of the Dungeon)
  7265 | D:6      | Reached XP level 8. HP: 29/37 MP: 9/9
  7819 | D:7      | Noticed Tux's ghost (novice DEWz)
  8017 | D:8      | Noticed Joseph
  8029 | D:8      | Shot with a sling bullet by Joseph
  8030 | D:8      | Reached XP level 7. HP: -2/33 MP: 9/9
  8069 | D:8      | Reached skill level 1 in Spellcasting
  8229 | D:7      | Succumbed to Tux's ghost's poison

Vault maps used:
D:1:      dpeg_arrival_pits, minmay_tetromino_o2
D:2:      nicolae_ashenzari_panopticon, old_standard_altar,
          kennysheep_generic_room_12
D:3:      lemuel_doored_altar, first_bread, ecumenical_altar_1
D:4:      nicolae_qazlal_general_emergency, minmay_misc_feat_secret_circle,
          minmay_misc_feat_hallway, nemelex_xobeh_ov_fountains_minmay,
          uniq_robin, uniq_crazy_yiuf_cottage
D:5:      serial_corexii_hall, corexii_hall_statues_x, corexii_hall_statues_i,
          corexii_hall_statues_i, corexii_hall_statues_x, corner_web_ring
D:6:      serial_shops, kennysheep_mini
D:8:      wad_woods_stonehenge, okawaru_metal_pillars_1_2, uniq_joseph
Temple:   eino_temple_scatter_basement

Skill      XL: |  1  2  3  4  5  6  7  8 |
---------------+-------------------------+-----
Stealth        | 3 4 5 6 |  6.6
Unarmed Combat | 4 5 6 7 |  7.4
Dodging        | 5 6 7 |  7.2
Fighting       | 4 5 |  5.5
Spellcasting   | 1 |  1.2

Action                   |  1- 3 |  4- 6 |  7- 9 || total
-------------------------+-------+-------+-------++-------
Melee: Unarmed           |    99 |   224 |   195 ||   518
       Bite              |     6 |    20 |    30 ||    56
       Punch             |     2 |     6 |     2 ||    10
Invok: Sacrifice Love    |     1 |       |       ||     1
       Reject Sacrifices |       |     1 |       ||     1
  Use: Scroll            |       |    10 |     3 ||    13
       Potion            |       |     6 |     1 ||     7
 Stab: Sleeping          |     6 |    13 |    11 ||    30
       Distracted        |       |     2 |       ||     2
  Eat: Chunk             |     9 |    11 |     5 ||    25
Armor: Skin              |     1 |    14 |    15 ||    30
Dodge: Dodged            |    74 |   181 |   155 ||   410
